 Dungeon Crawl Stone Soup version 0.31-a0-675-g238779eb0a (webtiles) character file.

Game seed: 7973325969009311993

33 qw the Shooter (level 3, -1/22 HPs)
             Began as a Gargoyle Hunter on Sept 5, 2023.
             Slain by a goblin
             ... wielding a +0 dagger
             ... led by Robin
              (3 damage)
             ... on level 2 of the Dungeon.
             The game lasted 00:00:15 (649 turns).

qw the Shooter (Gargoyle Hunter)                     Turns: 649, Time: 00:00:15

Health: -1/22      AC:  6    Str: 14    XL:     3   Next: 29%
Magic:  3/3        EV: 11    Int:  9    God:
Gold:   84         SH:  0    Dex: 15    Spells: 2/2 levels left

rFire   . . .        Y - +0 shortbow
rCold   . . .        (shield currently unavailable)
rNeg    + . .        c - +0 leather armour
rPois   inf          (no helmet)
rElec   +            (no cloak)
rCorr   .            (no gloves)
SInv    .            (no boots)
Will    .....        (no amulet)
Stlth   ++           (no ring)
HPRegen 0.23/turn    (no ring)
MPRegen 0.08/turn

%: no passive effects
@: no status effects
A: sickness immunity, AC +3, negative energy resistance 1, electricity
resistance, torment resistance 1, petrification resistance
a: no special abilities


You were on level 2 of the Dungeon.
You visited 1 branch of the dungeon, and saw 2 of its levels.

You collected 84 gold pieces.


Innate Abilities, Weirdness & Mutations

You are immune to sickness and miasma.
Your stone body is resilient. (AC +3)
You are immune to poison.
You resist negative energy. (rN+)
You are resistant to electric shocks. (rElec)
You are resistant to unholy torment.
You are immune to petrification.


   Skills:
 + Level 2.3 Fighting
 - Level 5.0 Ranged Weapons
 - Level 1.5 Dodging
 - Level 1.1 Stealth


You had 2 spell levels left.
You didn't know any spells.
Your spell library was empty.

Inventory:

Hand Weapons
 Y - a +0 shortbow (weapon)
Armour
 c - a +0 leather armour (worn)
Potions
 d - a potion of brilliance {unknown}
 f - a potion of heal wounds {unknown}
 g - a potion of invisibility {unknown}
 h - a potion of mutation {unknown}
 i - a potion of might {unknown}
 j - a potion of lignification {unknown}

Dungeon Overview and Level Annotations

Branches:
Dungeon (2/15)

Altars:
Yredelemnul


Message History

Robin is heavily wounded.
Robin closely misses you. The goblin hits you but does no damage.
The goblin hits you with a +0 dagger.
You shoot an arrow. The arrow barely misses Robin.
Robin hits you but does no damage. The goblin hits you but does no damage.
The goblin closely misses you.
You shoot an arrow. The arrow hits Robin!
Robin is almost dead.
Robin closely misses you. The goblin hits you with a +0 club.
The goblin barely misses you. Robin barely misses you.
The goblin hits you but does no damage. The goblin hits you with a +0 dagger.
You shoot an arrow.
The arrow hits Robin but does no damage.
Robin is almost dead.
The goblin hits you with a +0 club.
Robin roars a battlecry!
The goblin goes into a battle-frenzy!
The goblin closely misses you.
You shoot an arrow. The arrow hits Robin.
You kill Robin!
The goblin hits you but does no damage. x2
Your Ranged Weapons skill increases to level 5!
You have reached level 3!
Your experience leads to an increase in your attributes!
Increase (S)trength, (I)ntelligence, or (D)exterity?
You feel agile. x2
You shoot an arrow. The arrow hits the hobgoblin.
You kill the hobgoblin!
The goblin barely misses you. The goblin closely misses you.
You shoot an arrow. The arrow hits the hobgoblin!
You kill the hobgoblin!
The goblin hits you but does no damage. The goblin hits you with a +0 dagger.
You shoot an arrow. The arrow hits the goblin!
You kill the goblin!
The goblin closely misses you. The goblin hits you with a +0 dagger.
The goblin misses you. The goblin barely misses you.
You shoot an arrow. The arrow hits the goblin.
You kill the goblin!
The goblin hits you with a +0 dagger.
You die...

####. .# .....#
.# #...##. #
#..#.. #..
#....##
....#..#..#
#....#..#### ##.#
#g).....##....#
#@#........#
#g#g##%<#.##
gg#.###......#
gg.#g? .........
.....g#####..#..#
........ .....#
........# ##...
#........ ##.. ..


You could see 2 hobgoblins and 4 goblins.

Vanquished Creatures
  Robin (D:2)
  A bat (D:1)
  2 endoplasms (D:1)
  6 hobgoblins
  2 kobolds (D:1)
  A quokka (D:1)
  3 ball pythons
  A frilled lizard (D:1)
  3 goblins
  2 rats (D:1)
22 creatures vanquished.

Notes
Turn   | Place    | Note
-------+----------+-------------------------------------------
     0 | D:1      | qw the Gargoyle Hunter began the quest for the Orb.
     0 | D:1      | Reached XP level 1. HP: 12/12 MP: 1/1
     0 | D:1      | 0 ||| qw: Version: 0.3-a-75-gb5c8c4b
     0 | D:1      | 0 ||| qw: Game counter: 25
     0 | D:1      | 0 ||| qw: Melee chars always use a shield: true
     0 | D:1      | 0 ||| qw: God list: Okawaru
     0 | D:1      | 0 ||| qw: Allow faded altars: false
     0 | D:1      | 0 ||| qw: Do Orc after clearing Dungeon:15 true
     0 | D:1      | 0 ||| qw: Do second Lair branch before Depths: true
     0 | D:1      | 0 ||| qw: Lair rune preference: random
     0 | D:1      | 0 ||| qw: Goals: Normal
     0 | D:1      | 0 ||| PLANNING D:1-11
   155 | D:1      | Reached XP level 2. HP: 17/17 MP: 2/2
   588 | D:1      | Found a basalt altar of Yredelemnul.
   593 | D:1      | 593 ||| READING scroll labelled FIPNEOCWUDOI.
   594 | D:1      | 594 ||| DROPPING scroll of butterflies.
   629 | D:2      | Noticed Robin
   630 | D:2      | 630 ||| RETREATING.
   632 | D:2      | 632 ||| RETREATING.
   634 | D:2      | 634 ||| Stepping ~*~*~tactically~*~*~ (retreating).
   645 | D:2      | Killed Robin
   646 | D:2      | Reached skill level 5 in Ranged Weapons
   646 | D:2      | Reached XP level 3. HP: 7/21 MP: 3/3
   648 | D:2      | HP: 1/21 [goblin/+0 dagger[Robin] (5)]
   649 | D:2      | Slain by a goblin

Levels and vault maps discovered:
D:1:      dpeg_arrival_water_altar, layout_rooms
D:2:      layout_rooms, serial_shops, nicolae_shop_pleasant_corner_grove,
          uniq_natasha, uniq_robin

Skill      XL: |  1  2 |
---------------+-------+-----
Ranged Weapons | 5 |  5.0
Fighting       | |  2.3
Dodging        | |  1.5
Stealth        | |  1.1

Action                     || total
---------------------------++-------
   Fire: Shortbow          ||    57
    Use: Scroll            ||     1
 Armour: Leather armour    ||    25
  Dodge: Dodged            ||    36

Table legend:
 A = Non-vault XP
 B = Vault XP
 C = Vault XP percentage of total XP
 D = Non-vault monster count
 E = Vault monster count
 F = Vault count percentage of total count
                 A         B        C        D         E       F
            +---------+---------+-------+---------+---------+-------
      Total |      25 |      25 |  50.0 |      16 |       6 |  27.3
            +---------+---------+-------+---------+---------+-------
        D:1 |      24 |       0 |   0.0 |      15 |       0 |   0.0
        D:2 |       1 |      25 |  96.2 |       1 |       6 |  85.7
            +---------+---------+-------+---------+---------+-------
